AoeStats
← freddych0p

Arabia

510355985Analyzed
1v1 RM · 1d ago on Sep 30, 2026· 45m 5s· 2 players
Game mode
Random Map
Map size
Tiny (2 player)
Population
200
Speed
Normal
Resources
Standard
Victory
Conquest
Starting age
Dark Age
Ending age
Imperial Age
RankedLock teamsTeams togetherTeam positionsShared explorationLock speedFull tech treeHidden civsTurbo modeCheats
Victory
Defeat
🇬🇧 Franks · United Kingdom
1243
+18
🇺🇸 Vietnamese · United States
1276
-18
freddych0p
7:03 Loom
9:52 Feudal Age
10:18 Double-Bit Axe
10:16 Horse Collar
16:44 Fletching
18:03 Padded Archer Armor
24:58 Castle Age
23:45 Scale Mail Armor
24:27 Forging
24:51 Gold Mining
25:02 Elite Skirmisher
25:57 Bow Saw
25:35 Pikeman
28:55 Squires
31:24 Chain Mail Armor
34:27 Husbandry
37:14 Bodkin Arrow
37:55 Bloodlines
37:52 Scale Barding Armor
38:47 Leather Archer Armor
42:20 Thumb Ring
42:38 Chain Barding Armor
44:04 Wheelbarrow
43:16 Town Watch
45:17 Hand Cart
44:47 Crossbowman
ButtStuff
6:41 Loom
8:54 Feudal Age
9:41 Double-Bit Axe
15:25 Forging
22:52 Castle Age
21:57 Scale Barding Armor
23:37 Wheelbarrow
22:47 Town Watch
23:56 Husbandry
28:30 Fletching
29:15 Bodkin Arrow
30:27 Padded Archer Armor
31:42 Bow Saw
34:40 Hand Cart
34:11 Town Watch
37:48 Masonry
38:16 Leather Archer Armor
44:56 Imperial Age
43:08 Ballistics
45:15 Chain Barding Armor
45:31 Iron Casting
46:44 Chemistry
45:49 Siege Engineers
Connection lost

Rejoining the realm…

Still unreachable

The connection could not be restored.

Session expired

The server has moved on; the page needs a fresh start.